 Dungeon Crawl Stone Soup version 0.29.1-1-gd02db6906a (webtiles) character file.

Game seed: 2605134831842475818

213 Peloso the Covered (level 5, -17/47 HPs)
             Began as a Minotaur Fighter on Sept 16, 2022.
             Demolished by an ogre
             ... wielding a +0 giant club
              (30 damage)
             ... on level 4 of the Dungeon.
             The game lasted 00:04:17 (3302 turns).

Peloso the Covered (Minotaur Fighter)               Turns: 3302, Time: 00:04:18

Health: -17/47     AC:  7    Str: 21    XL:     5   Next: 59%
Magic:  4/4        EV:  6    Int:  5    God:
Gold:   126        SH:  6    Dex: 11    Spells: 4/4 levels left

rFire   . . .      SeeInvis .   a - +1 long sword
rCold   . . .      Faith    +   c - +1 buckler
rNeg    . . .      Spirit   .   b - +0 scale mail
rPois   .          Reflect  .   (helmet restricted)
rElec   .          Harm     .   (no cloak)
rCorr   .          Rampage  .   (no gloves)
Will    .....                   (no boots)
Stlth   ..........              m - amulet of faith
HPRegen 0.15/turn               (no ring)
MPRegen 0.09/turn               (no ring)

@: mighty, constricted
A: horns 2, retaliatory headbutt
a: no special abilities


You were on level 4 of the Dungeon.
You visited 1 branch of the dungeon, and saw 4 of its levels.

You collected 126 gold pieces.

Inventory:

Hand Weapons
 a - a +1 long sword (weapon)
Armour
 b - a +0 scale mail (worn)
 c - a +1 buckler (worn)
Jewellery
 h - a ring of fire
 m - an amulet of faith (around neck)
Scrolls
 e - a scroll of poison
 g - 3 scrolls of teleportation
 i - a scroll of amnesia
 j - a scroll of enchant armour
 n - a scroll of immolation
Potions
 k - a potion of ambrosia
 l - a potion of heal wounds


   Skills:
 + Level 4.6 Fighting
 + Level 4.6 Long Blades
 + Level 4.9 Armour
 + Level 1.0 Dodging
 + Level 0.1 Stealth
 + Level 4.4 Shields


You had 4 spell levels left.
You didn't know any spells.
Your spell library was empty.

Dungeon Overview and Level Annotations

Branches:
Dungeon (4/15)
 Temple: D:4-7

Altars:

Shops:
D:1 :   D:3 [


Innate Abilities, Weirdness & Mutations

You have a pair of horns on your head.
You reflexively headbutt those who attack you in melee.


Message History

The ufetubus hits you but does no damage. x2
The ufetubus misses you.
The ufetubus hits you but does no damage.
You barely miss the ufetubus. Your headbutt misses the ufetubus.
The ufetubus barely misses you. x2; The ufetubus hits you.
The ufetubus closely misses you.
You miss the ufetubus. The ufetubus barely misses you. x2
The ufetubus closely misses you. You furiously retaliate!
You headbutt the ufetubus!
You kill the ufetubus!
Your Long Blades skill increases to level 4!
You have reached level 5!
The phantom hits you.
The phantom blinks!
You blink.
A ball python comes into view.
You see here a scroll labelled LUPPIMN YBOL.
You closely miss the phantom. Your headbutt misses the phantom.
The phantom is heavily damaged.
The ball python hisses angrily.
The phantom hits you.
The phantom blinks!
You blink.
The phantom hits you but does no damage.
The phantom hits you.
The phantom blinks!
You blink.
You barely miss the phantom.
The phantom is heavily damaged.
The phantom completely misses you.
You slash the phantom!
You destroy the phantom!
Your Dodging skill increases to level 1!
You slash the ogre!
The ogre is heavily wounded.
The ball python barely misses you. The ball python grabs you.
The ball python constricts you.
The ogre hits you with a +0 giant club!!
* * * LOW HITPOINT WARNING * * *
You barely miss the ogre.
The ogre is heavily wounded.
You block the ball python's attack. The ball python constricts you.
The ball python barely misses you. The ball python constricts you.
The ogre hits you with a +0 giant club!!
Ouch! That really hurt!
You die...

..... ...... .....
.###... ......##+###
#.........#
#.........###
#...........#
#.......S@#.#
#........O#.####
#.........#....##
#.........####..##
#............O...#
#.....?...######'#####
#.........##..$......#
############......<..#
#.........#


You could see an ogre and a ball python.

Vanquished Creatures
  A phantom (D:4)
  A jelly (D:3)
  An orc priest (D:3)
  2 adders
  An ufetubus (D:4)
  A worm (D:2)
  4 orcs (D:3)
  7 bats
  5 endoplasms
  2 giant cockroaches
  3 goblins
  4 hobgoblins
  2 quokkas (D:2)
  2 ball pythons
  4 frilled lizards
  6 kobolds
  6 rats
52 creatures vanquished.

Notes
Turn   | Place    | Note
-------+----------+-------------------------------------------
     0 | D:1      | Peloso the Minotaur Fighter began the quest for the Orb.
     0 | D:1      | Reached XP level 1. HP: 19/19 MP: 0/0
   546 | D:1      | Reached XP level 2. HP: 26/26 MP: 1/1
   690 | D:1      | Found Naobac's Book Emporium.
  1300 | D:2      | Found a faded altar of an unknown god.
  1368 | D:2      | Reached XP level 3. HP: 12/33 MP: 2/2
  2203 | D:3      | Reached XP level 4. HP: 33/41 MP: 3/3
  2516 | D:3      | Found Sickurenn's Armour Emporium.
  3281 | D:4      | Noticed a phantom
  3281 | D:4      | Noticed an ogre
  3294 | D:4      | Reached XP level 5. HP: 40/47 MP: 4/4
  3298 | D:4      | Killed a phantom
  3299 | D:4      | Reached skill level 1 in Dodging
  3302 | D:4      | Demolished by an ogre

Illustrated notes

Levels and vault maps discovered:
D:1:      dpeg_arrival_rhombus, layout_basic, serial_shops,
          nicolae_lakefront_shop
D:2:      layout_basic, ebering_ecumenical_altar_box, minmay_misc_feat_room,
          chequers_serial_rivers_small_3
D:3:      layout_loops_cross, serial_glass, glass_columns_c, glass_columns_b,
          serial_shops, nicolae_lakefront_shop
D:4:      layout_basic, jmf_multi_god_temple, nicolae_ossuary_entry_ruins

Skill      XL: |  1  2  3  4  5 |
---------------+----------------+-----
Fighting       | 4 |  4.6
Armour         | 4 |  4.9
Shields        | 4 |  4.4
Long Blades    | 3 4 |  4.6
Dodging        | 1 |  1.0
Stealth        | |  0.1

Action                   |  1- 3 |  4- 6 || total
-------------------------+-------+-------++-------
Melee: Long sword        |    74 |    40 ||   114
       Headbutt          |     5 |     6 ||    11
  Use: Scroll            |     5 |     3 ||     8
       Potion            |     4 |     3 ||     7
Armor: Scale mail        |    39 |    21 ||    60
Dodge: Dodged            |    30 |    27 ||    57
Block: Buckler           |    17 |    12 ||    29
